 Dungeon Sprint DCSS version 0.27-a0-1193-g8631133539 (webtiles) character file.

Game seed: 3630008195393280125

21 rocky1 the Skirmisher (level 2, -5/28 HPs)
             Began as a Hill Orc Fighter on May 26, 2021.
             Slain by a wolf (9 damage)
             ... in the Dungeon (Sprint III: "The Ten Rune Challenge").
             The game lasted 00:00:29 (104 turns).

rocky1 the Skirmisher (Hill Orc Fighter)             Turns: 104, Time: 00:00:29

Health: -5/28      AC:  7    Str: 18    XL:     2   Next: 83%
Magic:  2/2        EV:  7    Int:  8    God:
Gold:   0          SH:  9    Dex: 10    Spells: 1/1 levels left

rFire    . . .     SeeInvis .   a - +0 long sword
rCold    . . .     Faith    .   c - +0 kite shield
rNeg     . . .     Spirit   .   b - +0 scale mail
rPois    .         Reflect  .   (no helmet)
rElec    .         Harm     .   (no cloak)
rCorr    .         Rampage  .   (no gloves)
Will     .....     NoTele   +   (no boots)
Stlth    ..........             (no amulet)
HPRegen  0.09/turn              (no ring)
MPRegen  0.08/turn              (no ring)

@: hasted, very quick
A: no striking features
a: no special abilities


You were in the Dungeon.
You visited 1 branch

Inventory:

Hand Weapons
 a - a +0 long sword (weapon)
Armour
 b - a +0 scale mail (worn)
 c - a +0 kite shield (worn)
Scrolls
 j - a scroll of blinking
Potions
 d - a potion of might
 e - a potion of curing
 f - a potion of heal wounds
 h - 2 potions of magic
 i - a potion of berserk rage


   Skills:
 + Level 4.6 Fighting
 + Level 3.3 Long Blades
 + Level 4.2 Armour
 + Level 1.6 Dodging
 + Level 4.2 Shields


You had one spell level left.
You didn't know any spells.
Your spell library was empty.

Dungeon Overview and Level Annotations

Branches:
Dungeon (1/1)

Altars:


Message History

You miss the human.
The human is lightly wounded.
The human barely misses you.
You riposte.
You barely miss the human.
The human is lightly wounded.
You slash the human!
The human is moderately wounded.
The human barely misses you.
You riposte.
You closely miss the human.
The human is moderately wounded.
You slash the human!
The human is heavily wounded.
You block the human's attack.
Your shield and scale mail prevent you from hitting the human.
The human is heavily wounded.
The human barely misses you.
You slash the human!
The human is severely wounded.
You block the human's attack.
You slash the human!
The human is almost dead.
The human hits you but does no damage.
You miss the human.
The human is almost dead.
The human barely misses you.
You riposte.
You miss the human.
The human is almost dead.
The human hits you.
* * * LOW HITPOINT WARNING * * *
You hit the human.
You kill the human!
Your Fighting skill increases to level 4!
Your Long Blades skill increases to level 3!
Your Armour skill increases to level 4!
Your Dodging skill increases to level 1!
Your Shields skill increases to level 4!
You have reached level 2!
A wolf comes into view.
You see here a human corpse.
The wolf bites you.
* * * LOW HITPOINT WARNING * * *
You barely miss the wolf. The wolf bites you!
You die...

▓...#......##
▓..##.......# ..#
▓##.##.##...# ..#
##.##.###..# #..#
▓#.####.##..# ...+
▓.###..##.†## #...#
▓#..†..##..###....#
###†.##...##.....#
#..##....#†@h...#
#..###..##.#.....#
#(. #.. ####....#
▓▓▓ ▓▓▓ ▓▓▓▓▓


You could see a wolf.

Vanquished Creatures
  A human (D)
  4 rats (D)
5 creatures vanquished.

Vanquished Creatures (others)
  3 plants (D)
3 creatures vanquished.

Grand Total: 8 creatures vanquished

Notes
Turn   | Place    | Note
-------+----------+-------------------------------------------
     0 | D        | rocky1 the Hill Orc Fighter began the quest for the Orb.
     0 | D        | Reached XP level 1. HP: 19/19 MP: 1/1
   102 | D        | Reached skill level 1 in Dodging
   102 | D        | Reached XP level 2. HP: 8/28 MP: 2/2
   104 | D        | Slain by a wolf

Illustrated notes

Levels and vault maps discovered:
D:        dungeon_sprint_mu [sprint_mu_entry_cave, sprint_mu_temple_rooms,
          sprint_mu_d1_spiders, sprint_mu_d2_genie, sprint_mu_d3_branching,
          sprint_mu_orc_legion, sprint_mu_elf_gauntlet, sprint_mu_hive_nellie,
          sprint_mu_lair_fedhas, sprint_mu_vaults_butterflies,
          sprint_mu_slime_circle, sprint_mu_swamp_cave, sprint_mu_shoals_archi,
          sprint_mu_blade_basic, sprint_mu_crypt_chambers,
          sprint_mu_tomb_spiral, sprint_mu_vestibule_basic,
          sprint_mu_gehenna_hellfire, sprint_mu_dis_giant,
          sprint_mu_tartarus_statrot, sprint_mu_cocytus_islands, sprint_mu_zot1]

Skill      XL: |  1 |
---------------+----+-----
Fighting       | 4 |  4.6
Long Blades    | 3 |  3.3
Armour         | 4 |  4.2
Dodging        | 1 |  1.6
Shields        | 4 |  4.2

Action                   || total
-------------------------++-------
Melee: Long sword        ||    22
  Use: Potion            ||     1
Armor: Scale mail        ||     7
Dodge: Dodged            ||     7
Block: Kite shield       ||     7
       Rpst.: Long sword ||     4

Table legend: (Time is in decaauts)
 A = Elapsed time spent in this place.
 B = Non-inter-level travel time spent in this place.
 C = Inter-level travel time spent in this place.
 D = Time resting spent in this place.
 E = Time spent auto-exploring this place.
 F = Levels seen in this place.
 G = Mean time per level.
                   A        B        C        D        E       F      G
               +--------+--------+--------+--------+--------+-----+--------+
         Total |    107 |    107 |      0 |     47 |      0 |   1 |  107.0 |
       Dungeon |    107 |    107 |      0 |     47 |      0 |   1 |  107.0 |
               +--------+--------+--------+--------+--------+-----+--------+

Top non-repeatable levels by time:
       D: 107 daAuts
